 Dungeon Crawl Stone Soup version 0.27-a0-802-gbe893936b8 (webtiles) character file.

Game seed: 1643656322107290266

142 Hot the Conjurer (level 4, -1/33 HPs)
             Began as a Demigod Conjurer on Mar 28, 2021.
             Slain by Sigmund
             ... wielding a +0 scythe of protection
              (10 damage)
             ... on level 4 of the Dungeon.
             The game lasted 00:25:14 (3065 turns).

Hot the Conjurer (Demigod Conjurer)                 Turns: 3065, Time: 00:25:15

Health: -1/33      AC:  4    Str:  8    XL:     4   Next: 74%
Magic:  9/10       EV: 12    Int: 24    God:
Gold:   207        SH:  0    Dex: 12    Spells: 5/8 levels left

rFire    . . .     SeeInvis .   (no weapon)
rCold    . . .     Faith    .   (no shield)
rNeg     . . .     Spirit   .   a - +1 robe
rPois    .         Reflect  .   (no helmet)
rElec    .         Harm     .   (no cloak)
rCorr    .         Rampage  .   (no gloves)
Will     .....                  f - +0 pair of boots
Stlth    ++........             (no amulet)
HPRegen  0.11/turn              (no ring)
MPRegen  0.12/turn              (no ring)

@: no status effects
A: high mp 1, forlorn
a: no special abilities


You were on level 4 of the Dungeon.
You visited 1 branch of the dungeon, and saw 4 of its levels.

You collected 233 gold pieces.
You spent 26 gold pieces at shops.

Inventory:

Armour
 a - a +1 robe (worn)
 f - a +0 pair of boots (worn)
 j - a scarf of harm
Scrolls
 d - 2 scrolls of amnesia
 h - 2 scrolls of enchant armour
 k - a scroll of identify
 l - 2 scrolls of teleportation {unknown}
 m - a scroll of silence {unknown}
Potions
 b - a potion of curing
 c - a potion of lignification
 e - a potion of might
 g - 2 potions of degeneration
 i - a potion of brilliance


   Skills:
 - Level 0.1 Fighting
 + Level 2.1 Dodging
 + Level 2.3 Stealth
 + Level 2.6 Spellcasting
 + Level 5.0 Conjurations


You had 5 spell levels left.
You knew the following spells:

 Your Spells              Type           Power      Damage    Failure   Level
a - Magic Dart            Conj           100%       1d8       1%          1
b - Searing Ray           Conj           54%        3d5       2%          2

Your spell library contained the following spells:

 Spells                   Type           Power      Damage    Failure   Level
 Dazzling Flash           Conj/Hex       30%        N/A       12%         3
 Fulminant Prism          Conj/Hex       7%         3d7       38%         4
 Iskenderun's Mystic Bla  Conj/Tloc      15%        2d5       38%         4


Dungeon Overview and Level Annotations

Branches:
Dungeon (4/15)
 Temple: D:4-7

Shops:
D:1 !*:[(

Annotations:
D:4 Sigmund


Innate Abilities, Weirdness & Mutations

Your attributes grow dramatically as you level up.
You have an increased reservoir of magic. (+10% MP)
You shall have no god before yourself.


Message History

Casting: Searing Ray (safe; 2% risk of failure)
Confirm with . or Enter, or press ? or * to list all spells.
You can't see any susceptible monsters within range! (Use Z to cast anyway.)
The kobold shoots a bolt.
The bolt closely misses you.
Sigmund points at you and mumbles some strange words.
The puff of flame misses you. Sigmund gestures at you while chanting.
You resist with some effort.
The kobold shoots a bolt.
The bolt hits you.
Casting: Searing Ray (safe; 2% risk of failure)
Confirm with . or Enter, or press ? or * to list all spells.
Aiming: Searing Ray (safe; 2% risk of failure)
Press: ? - help, Shift-Dir - straight line, f - kobold
Aim: a kobold, wielding a +0 hand crossbow and quivering bolts (26% to evade)
The searing ray hits Sigmund.
Sigmund is lightly wounded.
The searing ray hits the kobold!
You kill the kobold! (Press . to maintain the ray.) Sigmund casts a spell at himself.
Sigmund flickers and vanishes!
Deactivating autopickup; reactivate with Ctrl-A.
A magic dart appears from out of thin air!
The magic dart hits you.
Casting: Searing Ray (safe; 2% risk of failure)
Confirm with . or Enter, or press ? or * to list all spells.
You can't see any susceptible monsters within range! (Use Z to cast anyway.)
A magic dart appears from out of thin air!
The magic dart hits you.
Casting: Searing Ray (safe; 2% risk of failure)
Confirm with . or Enter, or press ? or * to list all spells.
You don't know that spell.
Something hits you.
You hit something. Something hits you.
* * * LOW HITPOINT WARNING * * *
Something hits you but does no damage. Something hits you.
* * * LOW HITPOINT WARNING * * *
You feel better. Something hits you!
You die...

........#..# #####
...........# ##.>...
.........#.# .......
...........## .......
.......@..).##.........
..........#............
.........##......<.....
.......[.##............
........###@...........
........##.............
.......###.............
....... #.<...........
.....## ##..##......###
...## #..########## ###
#..# ####


There were no monsters in sight!

Vanquished Creatures
  3 gnolls (D:3)
  3 adders
  A worm (D:2)
  2 dart slugs
  7 orcs (D:3)
  2 ball pythons
  3 bats
  5 endoplasms
  A giant cockroach (D:1)
  5 goblins
  12 hobgoblins
  4 jackals (D:1)
  4 quokkas
  3 frilled lizards
  8 kobolds
  A rat (D:1)
64 creatures vanquished.

Vanquished Creatures (others)
  A plant (D:1)
1 creature vanquished.

Grand Total: 65 creatures vanquished

Notes
Turn   | Place    | Note
-------+----------+-------------------------------------------
     0 | D:1      | Hot the Demigod Conjurer began the quest for the Orb.
     0 | D:1      | Reached XP level 1. HP: 14/14 MP: 5/5
    32 | D:1      | Found Soaph's General Store.
    67 | D:1      | Bought a scroll of identify for 26 gold pieces
   174 | D:1      | Found Sisisav's Book Shop.
   197 | D:1      | Reached XP level 2. HP: 12/20 MP: 0/7
   206 | D:1      | Reached skill level 4 in Conjurations
   449 | D:1      | Learned a level 2 spell: Searing Ray
   461 | D:1      | Found Peinufamn's Weapon Shoppe.
   852 | D:1      | Found Ider's Distillery.
  1035 | D:1      | Found Xyckuz's Armour Boutique.
  1259 | D:2      | Reached XP level 3. HP: 26/26 MP: 5/8
  2304 | D:3      | Reached XP level 4. HP: 33/33 MP: 7/10
  2695 | D:3      | Reached skill level 5 in Conjurations
  3043 | D:4      | Noticed Sigmund
  3064 | D:4      | HP: 1/33 [something (5)]
  3065 | D:4      | Slain by Sigmund

Illustrated notes

Levels and vault maps discovered:
D:1:      eino_arrival_water_cross, layout_loops_ring, serial_shops, shop,
          nicolae_shop_waterfront, shop,
          nicolae_shop_competitors_out_of_business, shop_coins
D:2:      layout_basic, serial_park_tiny_1
D:3:      layout_basic, zin_statuary, marbit_many_paths
D:4:      layout_cave_pods, portal_sewer_entry_e, uniq_sigmund

Skill      XL: |  1  2  3  4 |
---------------+-------------+-----
Conjurations   | 4 5 |  5.0
Stealth        | 2 |  2.3
Spellcasting   | 2 |  2.6
Dodging        | 2 |  2.1
Fighting       | |  0.1

Action                   |  1- 3 |  4- 6 || total
-------------------------+-------+-------++-------
Melee: Unarmed           |    13 |    12 ||    25
 Cast: Magic Dart        |    39 |       ||    39
       Searing Ray       |    27 |    13 ||    40
  Use: Scroll            |     7 |     1 ||     8
       Potion            |       |     1 ||     1
Armor: Robe              |     8 |     2 ||    10
Dodge: Dodged            |    22 |    11 ||    33

Table legend: (Time is in decaauts)
 A = Elapsed time spent in this place.
 B = Non-inter-level travel time spent in this place.
 C = Inter-level travel time spent in this place.
 D = Time resting spent in this place.
 E = Time spent auto-exploring this place.
 F = Levels seen in this place.
 G = Mean time per level.
                   A        B        C        D        E       F      G
               +--------+--------+--------+--------+--------+-----+--------+
         Total |   3064 |   2874 |    190 |      0 |   1886 |   4 |  766.0 |
       Dungeon |   3064 |   2874 |    190 |      0 |   1886 |   4 |  766.0 |
               +--------+--------+--------+--------+--------+-----+--------+

Top non-repeatable levels by time:
     D:1: 1245 daAuts
     D:3: 1026 daAuts
     D:2: 744 daAuts
     D:4: 47 daAuts
